 Dungeon Crawl Stone Soup version 0.24.1-14-gf8d2b509d9 (webtiles) character file.

Game seed: 11143975549578848613, levelgen mode: deterministic

61 Peloso the Skirmisher (level 3, -1/29 HPs)
             Began as a Demonspawn Fighter on May 30, 2020.
             Slain by Natasha (7 damage)
             ... on level 2 of the Dungeon.
             The game lasted 00:02:21 (1090 turns).

Peloso the Skirmisher (Demonspawn Fighter)          Turns: 1090, Time: 00:02:22

Health: -1/29      AC:  8    Str: 14    XL:     3   Next: 83%
Magic:  3/3        EV:  3    Int:  9    God:
Gold:   47         SH:  8    Dex: 12    Spells: 2/2 levels left

rFire    . . .     SeeInvis .   a - +0 long sword
rCold    . . .     Gourm    .   c - +0 shield
rNeg     . . .     Faith    .   i - +0 chain mail
rPois    .         Spirit   .   (no helmet)
rElec    .         Reflect  .   (no cloak)
rCorr    .         Harm     .   (no gloves)
MR       .....                  (no boots)
Stlth    ..........             (no amulet)
HPRegen  0.09/turn              g - -3 ring of strength (curse)
MPRegen  0.08/turn              (no ring)

@: slowed, drained, very slow
A: hooves 1, powered by pain 1
a: no special abilities


You were on level 2 of the Dungeon.
You were hungry.

You visited 1 branch of the dungeon, and saw 2 of its levels.

You collected 47 gold pieces.

Inventory:

Hand Weapons
 a - a +0 long sword (weapon)
Armour
 b - a +0 scale mail
 c - a +0 shield (worn)
 i - a +0 chain mail (worn)
Jewellery
 g - a cursed -3 ring of strength (left hand)
Scrolls
 e - a scroll of fog
 h - a scroll of identify {unknown}
 j - a scroll of blinking {unknown}
 m - a scroll of remove curse {unknown}
Potions
 d - a potion of might
 k - 2 potions of brilliance {unknown}
 l - a potion of mutation {unknown}
Comestibles
 f - 2 rations


   Skills:
 + Level 3.3(2.6) Fighting
 + Level 2.4(1.7) Long Blades
 + Level 3.1(2.4) Armour
 + Level 0.3(0.0) Dodging
 + Level 3.2(2.5) Shields


You had 2 spell levels left.
You didn't know any spells.
Your spell library was empty.

Dungeon Overview and Level Annotations

Branches:
Dungeon (2/15)

Altars:

Annotations:
D:2 Natasha


Innate Abilities, Weirdness & Mutations

You have large cloven feet.
You sometimes gain a little power by taking damage.


Message History

You block Natasha's attack. Natasha casts a spell at you.
You feel as though you will be slow longer.
The kobold completely misses you. Natasha claws you but does no damage.
The kobold hits you but does no damage.
You barely miss Natasha. Your kick misses Natasha.
Natasha is moderately wounded.
Natasha claws you. Natasha claws you but does no damage.
The kobold hits you but does no damage.
Natasha wildly gestures.
Natasha's front paws start to glow.
You block Natasha's attack. You block the kobold's attack.
You slash Natasha!
Natasha is almost dead.
Natasha claws you but does no damage. Natasha casts a spell at you.
The magic dart hits you!
* * * LOW HITPOINT WARNING * * *
The kobold completely misses you. Natasha claws you!
You die...

##. #...# ...
#...########.#
#...#......#.### ##
#...#.###......####...
###...#...#..#.........?
.................K......
.............#..@h#
...†.........#.#..##.
###.).#......#.#.....
#...#####............
#...# #######.#####
#...# .# ###..># .#
......# .. .....##


You could see Natasha and a kobold.

Vanquished Creatures
  2 worms (D:2)
  A dart slug (D:1)
  2 leopard geckos (D:1)
  3 giant cockroaches
  6 goblins
  10 hobgoblins
  3 jackals (D:2)
  6 kobolds
  A ball python (D:1)
  6 bats
  3 frilled lizards (D:1)
  2 rats (D:1)
45 creatures vanquished.

Notes
Turn   | Place    | Note
-------+----------+-------------------------------------------
     0 | D:1      | Peloso the Demonspawn Fighter began the quest for the Orb.
     0 | D:1      | Reached XP level 1. HP: 18/18 MP: 1/1
    51 | D:1      | Gained mutation: You sometimes gain a little power by
                  | taking damage. [demonic ancestry]
    51 | D:1      | Reached XP level 2. HP: 16/24 MP: 2/2
   331 | D:1      | Gained mutation: You have large cloven feet. [demonic
                  | ancestry]
   331 | D:1      | Reached XP level 3. HP: 12/29 MP: 3/3
  1084 | D:2      | Noticed Natasha
  1090 | D:2      | Slain by Natasha

Levels and vault maps discovered:
D:1:      lightli_arrival_statuegarden, layout_basic
D:2:      layout_loops_cross, uniq_natasha

Skill      XL: |  1  2  3 |
---------------+----------+-----
Long Blades    | 2 |  2.4
Shields        | 3 |  3.2
Armour         | 3 |  3.1
Fighting       | |  3.3
Dodging        | |  0.3

Action                   || total
-------------------------++-------
Melee: Long sword        ||   127
       Kick              ||    13
  Use: Scroll            ||     1
Armor: Scale mail        ||    39
       Chain mail        ||    93
Dodge: Dodged            ||    30
Block: Shield            ||    92
       Rpst.: Long sword ||     9
